 Dungeon Crawl Stone Soup version 0.17-a0-1479-g4041c36 (webtiles) character file.

868 amnekian the Chiller (level 8, -3/57 HPs)
             Began as an Octopode Transmuter on July 3, 2015.
             Slain by an orc warrior
             ... wielding a +0 trident
              (13 damage)
             ... on level 5 of the Dungeon.
             The game lasted 00:29:53 (8720 turns).

amnekian the Chiller (Octopode Transmuter)          Turns: 8720, Time: 00:29:54

Health: -3/57      AC:  6    Str: 10    XL:     8   Next: 3%
Magic:  4/11       EV:  5    Int: 17    God:
Gold:   305        SH:  0    Dex: 12    Spells: 3 memorised, 4 levels left

rFire  x . .     SeeInvis .       - Unarmed
rCold  + + +     Clarity  .     (shield currently unavailable)
rNeg   + . .     SustAt   .     (helmet currently unavailable)
rPois  +         Gourm    .     (no amulet)
rElec  .         Spirit   .     (no ring)
rCorr  .         Warding  .     d - ring of positive energy
rMut   .         Stasis   .     (no ring)
MR     .....                    (no ring)
Stlth  +++.......               (no ring)
                                (no ring)
                                (no ring)
                                (no ring)

@: ice-form, very slightly contaminated, not resistant to hostile enchantments,
fairly stealthy
A: almost no armour, amphibious, 8 rings, (constrict 8), (camouflage 0),
(gelatinous body 0)
a: End Transformation


You were on level 5 of the Dungeon.
You were hungry.
You were a creature of crystalline ice.
You visited 1 branch of the dungeon, and saw 5 of its levels.

You collected 305 gold pieces.

Inventory:

Hand weapons
 b - a +0 hunting sling (melded)
Missiles
 a - 73 arrows
 j - 252 stones (quivered)
 p - 28 poisoned needles
Jewellery
 d - a ring of positive energy (right front paw)
 e - an uncursed ring of teleportation
Magical devices
 v - a wand of enslavement (0)
Scrolls
 k - 3 scrolls of remove curse
 o - a scroll of blinking
 q - a scroll of amnesia
 u - a scroll of recharging
 y - a scroll of immolation
 A - a scroll of random uselessness {unknown}
 B - a scroll of identify
 C - 2 scrolls of enchant weapon {unknown}
Potions
 f - a potion of curing
 g - a potion of mutation {unknown}
 h - a potion of cure mutation {unknown}
 i - a potion of heal wounds {unknown}
 r - a potion of degeneration {unknown}
 s - 2 potions of poison {unknown}
 t - 2 potions of brilliance {unknown}
 x - 2 potions of lignification
 z - a potion of might {unknown}
Books
 l - a book of Changes

   Spells                             Type                      Level
   a - Beastly Appendage              Transmutation                1
   b - Sticks to Snakes               Transmutation                2
   c - Spider Form                    Transmutation/Poison         3
   d - Ice Form                       Ice/Transmutation            4
   e - Blade Hands                    Transmutation                5
Comestibles
 c - 2 bread rations
 m - 6 fruits
 n - 4 beef jerkies


   Skills:
 - Level 1.0 Fighting
 - Level 2.0 Dodging
 - Level 5.3 Stealth
 * Level 4.5 Unarmed Combat
 - Level 2.0 Spellcasting
 - Level 4.7 Transmutations
 - Level 5.3 Ice Magic


You had 4 spell levels left.
You knew the following spells:

 Your Spells              Type           Power        Failure   Level  Hunger
a - Beastly Appendage     Trmt           ###...       2%          1    #......
b - Sticks to Snakes      Trmt           ###.......   4%          2    ###....
c - Ice Form              Ice/Trmt       ###.....     24%         4    #####..


Dungeon Overview and Level Annotations

Branches:
Dungeon (5/15)
 Temple: D:4-7

Altars:
Fedhas
Kikubaaqudgha
Okawaru
Sif Muna
Trog
Zin
The Shining One

Annotations:
D:3 Rayvis's ghost, average MiFi
D:5 Eustachio


Innate Abilities, Weirdness & Mutations

You cannot wear most types of armour.
You are amphibious.
You can wear up to eight rings at the same time.
((You can use your tentacles to constrict eight enemies at once.))
((Your skin changes colour to match your surroundings (Stealth).))
((Your rubbery body absorbs attacks (AC +1).))


Message History

You hit the orc warrior. You freeze the orc warrior.
The orc warrior is moderately wounded.
The orc warrior barely misses you.
You closely miss the orc warrior.
The orc warrior is moderately wounded.
The orc warrior hits you with a trident!
You punch the orc warrior! You freeze the orc warrior.
The orc warrior is severely wounded.
The orc warrior closely misses you.
You completely miss the orc warrior.
The orc warrior is severely wounded.
The orc warrior hits you with a trident!
You barely miss the orc warrior.
The orc warrior is severely wounded.
You barely miss the orc warrior.
The orc warrior is severely wounded.
The orc warrior hits you with a trident!
* * * LOW HITPOINT WARNING * * *
The orc warrior hits you with a trident!
You die...

##........## #.....##.#
#### ##.####..#####..##
### ##.###......##
###............##
####...............#
####........[.........#
###....#................#
#....##..Y..............##
#.#####..o...............#
### #.........>....((.(.
##................##.
#...).....>.......###
##...............##
###...........###
##.........## ###......##


You could see an orc warrior.

Vanquished Creatures
  A sky beast (D:5)
  2 ogres
  A centaur (D:5)
  A giant frog (D:4)
  A scorpion (D:4)
  A crimson imp (D:5)
  A centaur skeleton (D:4)
  An orc wizard (D:5)
  An orc priest (D:5)
  2 hounds
  A worker ant (D:3)
  A hound skeleton (D:5)
  2 gnolls
  5 adders
  5 worms
  5 giant geckos
  6 orcs
  10 bats
  6 giant cockroaches
  7 goblins
  14 hobgoblins
  14 jackals
  A quokka (D:5)
  A ball python (D:1)
  5 giant newts
  14 kobolds
  12 rats
121 creatures vanquished.

Vanquished Creatures (collateral kills)
  A worker ant (D:3)
  2 gnolls
  A hobgoblin (D:3)
4 creatures vanquished.

Vanquished Creatures (others)
  A kobold (D:5)
1 creature vanquished.

Grand Total: 126 creatures vanquished

Notes
Turn   | Place    | Note
--------------------------------------------------------------
     0 | D:1      | amnekian the Octopode Transmuter began the quest for the Orb.
     0 | D:1      | Reached XP level 1. HP: 13/13 MP: 3/3
   498 | D:1      | Reached XP level 2. HP: 16/18 MP: 5/5
   502 | D:1      | Learned a level 2 spell: Sticks to Snakes
  1274 | D:1      | Reached XP level 3. HP: 20/23 MP: 4/6
  2040 | D:2      | Reached skill level 4 in Transmutations
  2123 | D:2      | Reached XP level 4. HP: 15/28 MP: 7/7
  2355 | D:2      | Found a glowing golden altar of the Shining One.
  2404 | D:2      | Learned a level 4 spell: Ice Form
  2513 | D:3      | Reached skill level 1 in Ice Magic
  3308 | D:3      | Noticed Rayvis's ghost (average MiFi)
  3343 | D:3      | Reached XP level 5. HP: 27/33 MP: 6/8
  4825 | D:4      | Noticed an ogre
  4898 | D:5      | Entered Level 5 of the Dungeon
  5230 | D:4      | Reached XP level 6. HP: 10/38 MP: 4/9
  5912 | D:4      | Noticed an ogre
  6049 | D:5      | Noticed a centaur
  6064 | D:5      | Killed a centaur
  6164 | D:5      | Noticed a sky beast
  6170 | D:5      | Killed a sky beast
  6170 | D:5      | Reached skill level 5 in Ice Magic
  6170 | D:5      | Reached XP level 7. HP: 43/43 MP: 5/10
  6232 | D:5      | Noticed an ogre
  6242 | D:5      | Killed an ogre
  6267 | D:5      | Found a blossoming altar of Fedhas.
  6268 | D:5      | Found a bloodstained altar of Trog.
  6407 | D:5      | Noticed an orc warrior
  6731 | D:4      | HP: 2/51 [ogre/giant club (21)]
  6733 | D:4      | Killed an ogre
  6733 | D:4      | Reached skill level 5 in Stealth
  7887 | D:5      | Found an iron altar of Okawaru.
  7889 | D:5      | Found an ancient bone altar of Kikubaaqudgha.
  7891 | D:5      | Found a glowing silver altar of Zin.
  7894 | D:5      | Found a deep blue altar of Sif Muna.
  8331 | D:5      | Noticed Eustachio
  8369 | D:4      | Reached XP level 8. HP: 48/48 MP: 6/11
  8720 | D:5      | Slain by an orc warrior

Vault maps used:
D:1:      matt_arrival_diagonals, grunt_decor_mini_mirrors, minivault_11
D:2:      tso_metal_star
D:3:      hex_medium
D:5:      gammafunk_temple_overflow_statue, minitemple, first_bread,
          minmay_misc_feat_iff, uniq_eustachio

Action                   |  1- 3 |  4- 6 |  7- 9 || total
-------------------------+-------+-------+-------++-------
Melee: Unarmed           |   102 |   120 |    78 ||   300
 Fire: Hunting sling     |    14 |    54 |    26 ||    94
Throw: Stone             |       |     4 |       ||     4
 Cast: Beastly Appendage |    13 |    16 |     2 ||    31
       Sticks to Snakes  |       |    16 |     1 ||    17
       Ice Form          |       |     2 |    11 ||    13
  Use: Scroll            |     1 |    10 |       ||    11
       Potion            |       |     1 |       ||     1
 Stab: Sleeping          |     6 |     7 |     2 ||    15
  Eat: Chunk             |     4 |    13 |     5 ||    22
       Fruit             |       |     2 |     4 ||     6
       Pizza             |       |       |     1 ||     1
